 Dungeon Crawl Stone Soup version 0.30.0-17-ge0270778cf (webtiles) character file.

Game seed: 3638659210967099103

100 monsoonserge the Shield-Bearer (level 4, -1/44 HPs)
             Began as a Troll Fighter on May 22, 2023.
             Was a Believer of Qazlal.
             Slain by Grinder (9 damage)
             ... on level 3 of the Dungeon.
             The game lasted 00:04:33 (1514 turns).

monsoonserge the Shield-Bearer (Troll Fighter)      Turns: 1514, Time: 00:04:34

Health: -1/44      AC:  4    Str: 26    XL:     4   Next: 46%
Magic:  1/3        EV:  9    Int:  4    God:    Qazlal [**....]
Gold:   107        SH: 10    Dex:  9    Spells: 3/3 levels left

rFire   . .          .
                       - Unarmed
rCold   . . .        b - +0 kite shield
rNeg    . . .        a - +0 robe
rPois   .            (helmet restricted)
rElec   .            (no cloak)
rCorr   .            (gloves unavailable)
SInv    .            (boots unavailable)
Will    .....        (no amulet)
Stlth   +            (no ring)
HPRegen 1.07/turn    (no ring)
MPRegen 0.08/turn

%: no passive effects
@: no status effects
A: large, unfitting armour, claws 3, regeneration 1, shaggy fur 1, tough skin 1
a: Renounce Religion, Upheaval


You were on level 3 of the Dungeon.
You worshipped Qazlal.
Qazlal was pleased with you.
You visited 1 branch of the dungeon, and saw 3 of its levels.

You collected 107 gold pieces.

Inventory:

Missiles
 k - 4 stones (quivered)
Armour
 a - a +0 robe (worn)
 b - a +0 kite shield (worn)
Scrolls
 e - a scroll of fear {unknown}
 f - 3 scrolls of identify {unknown}
 g - a scroll of acquirement {unknown}
Potions
 c - a potion of might
 d - 2 potions of degeneration {unknown}
 h - a potion of curing {unknown}
 i - a potion of haste {unknown}
 j - a potion of attraction {unknown}


   Skills:
 + Level 2.7 Fighting
 + Level 3.1 Dodging
 + Level 3.3 Shields
 + Level 3.1 Unarmed Combat
 * Level 0.2 Invocations


You had 3 spell levels left.
You didn't know any spells.
Your spell library was empty.

Dungeon Overview and Level Annotations

Branches:
Dungeon (3/15)

Altars:
Qazlal

Annotations:
D:3 Grinder


Innate Abilities, Weirdness & Mutations

You are too large for most types of armour.
You have claws for hands.
Your natural rate of healing is unusually fast.
You are covered in fur. (AC +1)
You have tough skin. (AC +1)


Message History

You suddenly lose the ability to move!
Grinder blinks!
The quokka bites you. x2
Grinder hits you.
You writhe in agony.
The quokka bites you but does no damage.
You can move again.
Unknown command.
You closely miss Grinder.
Grinder is severely wounded.
Grinder blinks!
The quokka bites you.
You barely miss the quokka. The quokka barely misses you.
Grinder gestures at you.
You suddenly lose the ability to move!
The quokka bites you.
The quokka bites you but does no damage.
The quokka bites you but does no damage.
Grinder blinks!
The quokka bites you but does no damage.
You can move again.
You barely miss the quokka. The quokka barely misses you.
You completely miss the quokka. The quokka bites you.
You scratch the quokka.
The quokka is moderately wounded.
The quokka bites you.
The quokka bites you but does no damage.
You scratch Grinder.
Grinder is severely wounded.
You block the quokka's attack. Grinder hits you!
You writhe in agony.
Unknown command.
You barely miss Grinder.
Grinder is severely wounded.
The quokka bites you. Grinder gestures at you. Pain shoots through your body!
* * * LOW HITPOINT WARNING * * *
Unknown command.
You scratch Grinder but do no damage.
Grinder is severely wounded.
You block the quokka's attack. Grinder hits you!
You die...

.....# .....#
######### .....#
#.......+
.....#######.#######
.....'.........#
.....#######.#.#
.†...# #.#.# #
.....# #.#.#####?...
.....# #.#.5@r....#
##'### #.########.#
#.# #..
#.###########
#.........#
#########.#
#....#.####
#.#.##....#
#.#.....#.# #


You could see Grinder and a quokka.

Vanquished Creatures
  4 adders
  A worm (D:3)
  3 bats
  4 endoplasms
  2 giant cockroaches (D:1)
  2 goblins (D:1)
  11 hobgoblins
  6 jackals
  6 kobolds
  6 quokkas
  4 ball pythons
  4 frilled lizards
  A rat (D:2)
54 creatures vanquished.

Notes
Turn   | Place    | Note
-------+----------+-------------------------------------------
     0 | D:1      | monsoonserge the Troll Fighter began the quest for the Orb.
     0 | D:1      | Reached XP level 1. HP: 22/22 MP: 0/0
   125 | D:1      | Reached XP level 2. HP: 18/29 MP: 1/1
   515 | D:1      | Found a faded altar of an unknown god.
   526 | D:1      | Prayed at the altar of an unknown god.
   526 | D:1      | Became a worshipper of Qazlal Stormbringer
   526 | D:1      | Reached * piety under Qazlal
   532 | D:1      | Reached XP level 3. HP: 33/36 MP: 2/2
   889 | D:2      | Reached XP level 4. HP: 44/44 MP: 3/3
  1015 | D:2      | Reached ** piety under Qazlal
  1491 | D:3      | Noticed Grinder
  1500 | D:3      | Paralysed by Grinder for 4 turns
  1505 | D:3      | Paralysed by Grinder for 4 turns
  1514 | D:3      | Slain by Grinder

Illustrated notes

Levels and vault maps discovered:
D:1:      ldierk_walled_garden, layout_basic, dreamdust_ecumenical_altar_grove,
          minmay_tiny_reverse_x
D:2:      layout_loops_ring, st_stairs_2, kennysheep_small_spiral
D:3:      layout_basic, minmay_joined_circles, uniq_grinder,
          uniq_crazy_yiuf_cottage

Skill      XL: |  1  2  3  4 |
---------------+-------------+-----
Shields        | 3 |  3.3
Dodging        | 3 |  3.1
Unarmed Combat | 3 |  3.1
Fighting       | |  2.7
Invocations    | |  0.2

Action                     |  1- 3 |  4- 6 || total
---------------------------+-------+-------++-------
  Melee: Unarmed           |   123 |    53 ||   176
 Invoke: Upheaval          |       |     1 ||     1
 Armour: Robe              |    42 |    13 ||    55
  Dodge: Dodged            |    60 |    11 ||    71
  Block: Kite shield       |    49 |    20 ||    69
